 Dungeon Crawl Stone Soup version 0.32-a0-485-g70f7560b1c (webtiles) character file.

Game seed: 5578036464718275285

45 pisaster the Grave Robber (level 3, -4/28 HPs)
             Began as a Naga Necromancer on Feb 27, 2024.
             Slain by a hobgoblin (6 damage)
             ... led by Robin
             ... on level 2 of the Dungeon.
             The game lasted 00:05:32 (1396 turns).

pisaster the Grave Robber (Naga Necromancer)        Turns: 1396, Time: 00:05:33

Health: -4/28      AC:  2    Str: 10    XL:     3   Next: 64%
Magic:  1/6        EV: 10    Int: 15    God:
Gold:   29         SH:  0    Dex: 13    Spells: 3/7 levels left

rFire   . . .        f - +0 whip
rCold   . . .        (no shield)
rNeg    . . .        a - +0 robe
rPois   +            (no helmet)
rElec   .            (no cloak)
rCorr   .            (no gloves)
SInv    +            (no barding)
Will    .....        (no amulet)
Stlth   ++           (no ring)
HPRegen 0.24/turn    (no ring)
MPRegen 0.10/turn

%: no passive effects
@: short of breath, very slow
A: AC +1, large, see invisible, deformed body, poison resistance, slowness 2,
spit poison 1, naga tail 1
a: Spit Poison


You were on level 2 of the Dungeon.
You visited 1 branch of the dungeon, and saw 2 of its levels.

You collected 29 gold pieces.

Inventory:

Hand Weapons
 f - a +0 whip (weapon)
 g - a +0 falchion
Missiles
 e - 3 poisoned darts
Armour
 a - a +0 robe (worn)
Scrolls
 c - a scroll of identify
Potions
 h - a potion of mutation


   Skills:
 - Level 1.5 Dodging
 - Level 3.0 Stealth
 + Level 2.6 Spellcasting
 * Level 4.9 Necromancy


You had 3 spell levels left.
You knew the following spells:

 Your Spells              Type           Power      Damage    Failure   Level
a - Necrotise             Necr           64%        1d7       2%          1
b - Vampiric Draining     Necr           16%        2d7       9%          3

Your spell library contained the following spells:

 Spells                   Type           Power      Damage    Failure   Level
 Animate Dead             Necr           16%        N/A       28%         4
 Curse of Agony           Necr           16%        N/A       61%         5


Dungeon Overview and Level Annotations

Branches:
Dungeon (2/15)

Altars:

Annotations:
D:2 Robin


Innate Abilities, Weirdness & Mutations

Your serpentine skin is tough. (AC +1)
You have supernaturally acute eyesight. (SInv)
Armour fits poorly on your strangely shaped body.
Your system is resistant to poisons. (rPois)
You cover ground very slowly.
You can spit poison.
You have a snake-like lower body.


Message History

Aim: a goblin, wielding a +0 club (almost dead, strong, chance to affect: 86%)
The goblin writhes in agony.
You kill the goblin!
The dead are walking!
Robin hits your goblin skeleton with a +0 spear.
As you read the scroll labelled ZYITUG WEOTHREG, it crumbles to dust.
It is a scroll of identify.
d - a potion of curing Robin hits your goblin skeleton with a +0 spear!
Your goblin skeleton is destroyed!
Aiming: Spit Poison (2% risk of failure)
Press: ? - help, Shift-Dir - straight line, f - Robin
Aim: Robin, wielding a +0 spear, wearing a +0 animal skin and wearing a +0 helmet (70% to hit)
The splash of poison hits Robin.
Robin is poisoned.
Robin is lightly wounded.
Robin throws the goblin at you! The goblin closely misses you.
Okay, then.
Unknown command.
Okay, then.
Unknown command.
Aiming: Necrotise (safe; 3% risk of failure)
Press: ? - help, Q - select action, (/) - cycle Shift-Dir - straight line, f/p - Robin
Aim: Robin, wielding a +0 spear, wearing a +0 animal skin and wearing a +0 helmet (moderately wounded, poisoned, chance to affect: 80%)
The goblin writhes in agony.
The goblin barely misses you.
You hit the goblin.
You kill the goblin!
Robin roars a battlecry!
The hobgoblin barely misses you.
You hit the hobgoblin.
The hobgoblin is moderately wounded.
You have got your breath back.
The hobgoblin hits you.
You barely miss the hobgoblin.
The hobgoblin is moderately wounded.
The hobgoblin misses you.
You hit the hobgoblin.
You kill the hobgoblin!
Robin looks more healthy.
A goblin comes into view. It is wielding a +0 dagger.
You hit the hobgoblin but do no damage. The hobgoblin hits you.
Magic courses through your body.
A hobgoblin comes into view.
The hobgoblin barely misses you. Robin throws the goblin at you!
The goblin hits you with a +0 dagger.
Casting: Necrotise (safe; 2% risk of failure)
Confirm with . or Enter, or press ? or * to list all spells.
Aiming: Vampiric Draining (quite dangerous; 9% risk of failure)
Press: ? - help, Shift-Dir - straight line, f - goblin, p - Robin
Aim: a goblin, wielding a +0 dagger (strong)
You draw life force from the goblin!
You kill the goblin!
You feel life coursing into your body.
The hobgoblin no longer looks unusually strong.
The goblin no longer looks unusually strong.
Robin throws the goblin at you!
The hobgoblin hits you but does no damage.
Casting: Vampiric Draining (quite dangerous; 9% risk of failure)
Confirm with . or Enter, or press ? or * to list all spells.
Aiming: Vampiric Draining (quite dangerous; 9% risk of failure)
Press: ? - help, Shift-Dir - straight line, f - goblin
Aim: a goblin, wielding a +0 club (strong)
You draw life force from the goblin.
You feel life coursing into your body. The goblin hits you but does no damage.
The hobgoblin barely misses you.
Casting: Vampiric Draining (quite dangerous; 9% risk of failure)
Confirm with . or Enter, or press ? or * to list all spells.
You don't have enough magic to cast this spell.
Unknown command.
You hit the goblin.
You kill the goblin!
The hobgoblin hits you.
Robin roars a battlecry!
The goblins go into a battle-frenzy!
You closely miss the hobgoblin.
Robin says, "My army is invincible!"
The hobgoblin hits you.
You closely miss the hobgoblin. The hobgoblin hits you.
* * * LOW HITPOINT WARNING * * *
Casting: Vampiric Draining (quite dangerous; 9% risk of failure)
Confirm with . or Enter, or press ? or * to list all spells.
You don't have enough magic to cast this spell.
Unknown command.
You feel better. Robin throws the goblin at you!
The hobgoblin barely misses you.
The goblin unwields a +0 sling.
The goblin wields a +0 club.
The goblin hits you with a +0 club.
* * * LOW HITPOINT WARNING * * *
As you read the scroll of identify, it crumbles to dust.
h - a potion of mutation The hobgoblin hits you.
* * * LOW HITPOINT WARNING * * *
The goblin closely misses you.
Okay, then.
Unknown command.
Aiming: Spit Poison (2% risk of failure)
Press: ? - help, Shift-Dir - straight line, f - goblin
Aim: a goblin, wielding a +0 club (strong, 50% to hit)
The splash of poison hits the goblin.
The goblin is poisoned.
You kill the goblin!
The hobgoblin hits you.
You die...

#.# #
.g#######.#####.##
g...g.g....†.....)
g###.####....>..#
#..###### #).#
#..#
..#########g.#
........)@gg.#
.######.####.#
.............#
#######.###### #.#
#.# #.# ########
#.# .....†.# #.#


You could see Robin and 2 hobgoblins.

Vanquished Creatures
  4 dart slugs (D:1)
  2 endoplasms
  9 goblins
  5 hobgoblins
  A quokka (D:1)
  4 ball pythons
  4 bats
  A frilled lizard (D:2)
  A kobold (D:1)
  A rat (D:1)
32 creatures vanquished.

Vanquished Creatures (collateral kills)
  A goblin (D:2)
1 creature vanquished.

Grand Total: 33 creatures vanquished

Notes
Turn   | Place    | Note
-------+----------+-------------------------------------------
     0 | D:1      | pisaster the Naga Necromancer began the quest for the Orb.
     0 | D:1      | Reached XP level 1. HP: 15/15 MP: 3/3
   173 | D:1      | Reached XP level 2. HP: 7/22 MP: 1/5
   872 | D:1      | Reached XP level 3. HP: 24/28 MP: 0/6
   876 | D:1      | Learned a level 3 spell: Vampiric Draining
  1376 | D:2      | Noticed Robin
  1396 | D:2      | Slain by a hobgoblin

Illustrated notes

Levels and vault maps discovered:
D:1:      amcnicky_arrival_double_pillar, layout_basic, serial_bayou_lake_a
D:2:      layout_loops_ring, uniq_robin

Action                     || total
---------------------------++-------
  Melee: Unarmed           ||     6
         Whip              ||    10
   Cast: Necrotise         ||    47
         Vampiric Draining ||     2
Ability: Spit Poison       ||     7
    Use: Scroll            ||     2
         Potion            ||     2
   Stab: Distracted        ||     1
 Armour: Robe              ||    31
  Dodge: Dodged            ||    19

Table legend: (Time is in decaauts)
 A = Elapsed time spent in this place.
 B = Non-inter-level travel time spent in this place.
 C = Inter-level travel time spent in this place.
 D = Time resting spent in this place.
 E = Time spent auto-exploring this place.
 F = Levels seen in this place.
 G = Mean time per level.
                   A        B        C        D        E       F      G
               +--------+--------+--------+--------+--------+-----+--------+
         Total |   1738 |   1660 |     78 |    340 |   1023 |   2 |  869.0 |
       Dungeon |   1738 |   1660 |     78 |    340 |   1023 |   2 |  869.0 |
               +--------+--------+--------+--------+--------+-----+--------+

Top non-repeatable levels by time:
     D:1: 1373 daAuts
     D:2: 365 daAuts

Action                     || total
---------------------------++-------
  Melee: Unarmed           ||     6
         Whip              ||    10
   Cast: Necrotise         ||    47
         Vampiric Draining ||     2
Ability: Spit Poison       ||     7
    Use: Scroll            ||     2
         Potion            ||     2
   Stab: Distracted        ||     1
 Armour: Robe              ||    31
  Dodge: Dodged            ||    19

Table legend: (Time is in decaauts)
 A = Elapsed time spent in this place.
 B = Non-inter-level travel time spent in this place.
 C = Inter-level travel time spent in this place.
 D = Time resting spent in this place.
 E = Time spent auto-exploring this place.
 F = Levels seen in this place.
 G = Mean time per level.
                   A        B        C        D        E       F      G
               +--------+--------+--------+--------+--------+-----+--------+
         Total |   1738 |   1660 |     78 |    340 |   1023 |   2 |  869.0 |
       Dungeon |   1738 |   1660 |     78 |    340 |   1023 |   2 |  869.0 |
               +--------+--------+--------+--------+--------+-----+--------+

Top non-repeatable levels by time:
     D:1: 1373 daAuts
     D:2: 365 daAuts
